[Event "Early-Titled-Tuesday-Blitz-December-26-2023"]
[Site "Chess.com"]
[Date "2023.12.26"]
[Round "4"]
[White "Siniauski"]
[Black "sokidze"]
[Result "0-1"]
[WhiteElo "2593"]
[BlackElo "2780"]
[TimeControl "180+1"]
[EndTime "8:38:46 PST"]
[Termination "sokidze won by resignation"]

1. e4 e5 2. Nf3 Nf6 3. Nc3 Nc6 4.
d4 exd4 5. Nxd4 Bb4 6. Nxc6 bxc6 7. Bd3 d5 8. exd5 O-O 9. O-O Bg4 10. f3 Bh5 11.
dxc6 Qd4+ 12. Kh1 Bxc3 13. bxc3 Qxc3 14. Rb1 Qxc6 15. Bb2 Rfd8 16. Qe1 Bg6 17. Bxg6 hxg6 18. Qc3 Qxc3 19. Bxc3 Nd5 20. Ba5 Re8 21. Kg1 c6 22.
Kf2 Ne3 23. Rfc1 Nc4 24. Bc3 Re7 25. Re1 Rd7 26. Rb4 Na3 27. Re2 c5 28. Ra4 Nb5 29.
Bb2 Rc8 30. h4 c4 31. Ra5 Rb7 32. Be5 f6 33. Bf4 c3 34. g4 Nd4 35. Re1 Nxc2 36. Rc1 Nb4 37. Ra3 Nd3+ 0-1

[Event "Early-Titled-Tuesday-Blitz-December-26-2023"]
[Site "Chess.com"]
[Date "2023.12.26"]
[Round "4"]
[White "SirStrateg"]
[Black "Abduzhaparov"]
[Result "1-0"]
[WhiteElo "2662"]
[BlackElo "2425"]
[TimeControl "180+1"]
[EndTime "8:38:47 PST"]
[Termination "SirStrateg won on time"]

1. e3 d6 2. d4 Nf6 3. b3 Nbd7 4. Bb2 g6 5. Nf3 Bg7 6. Be2 O-O 7. Nbd2 Re8 8. O-O e5 9. dxe5 dxe5 10. Nc4 e4 11.
Nfd2 a5 12. a4 Nc5 13. Qc1 b6 14. Rd1 Qe7 15. h3 h5 16. Bf1 Bf5 17. Bc3 Bh6 18. Qb2 Nd5 19. Be5 f6 20. Bd4 Ne6 21. Be2 Nxd4 22. Qxd4 Rad8 23. Qb2 Qb4 24. Nb1 Qe7 25. Nc3 Nb4 26. Nb5 Kh7 27. Nd4 Bd7 28. c3 Nd3 29.
Bxd3 exd3 30. Rxd3 Bg7 31. Rad1 f5 32. Nf3 Bc6 33.
Rxd8 Rxd8 34. Rxd8 Qxd8 35. Nd4 Bd5 36. Qe2 c5 37.
Nb5 Bxc4 38. Qxc4 Qd1+ 39. Kh2 Qd2 40. Qf4 Qd5 41. c4 Qe6 42. Qc7 Kh6 43. g3 Qe4 44.
Qf4+ Qxf4 45. gxf4 Bf8 46. Nc7 Be7 47. Nd5 Bd8 48.
Kg3 Kg7 49. f3 Kf7 50. e4 Ke6 51. Kf2 Bh4+ 52. Ke3 Bd8 53. Kd3 Kd7 54. Ne3 Ke6 55.
Nd5 Kd7 56. Ke2 Ke6 57. Kf2 Bh4+ 58. Kg2 Bd8 59. Kg3 Kd7 60. Ne3 Ke6 61. Ng2 Bc7 62.
Nh4 Kf6 63. exf5 1-0

[Event "Early-Titled-Tuesday-Blitz-December-26-2023"]
[Site "Chess.com"]
[Date "2023.12.26"]
[Round "4"]
[White "IAgrest"]
[Black "Grammnik"]
[Result "1-0"]
[WhiteElo "2457"]
[BlackElo "2205"]
[TimeControl "180+1"]
[EndTime "8:38:49 PST"]
[Termination "IAgrest won by checkmate"]

1. e4 c6 2. d4 d5 3. f3 e6 4. Nc3 Bb4 5. Bd2 dxe4 6. Nxe4 Bxd2+ 7. Qxd2 Nf6 8. O-O-O a5 9. Nh3 Na6 10. Bxa6 Rxa6 11. Rhe1 a4 12. a3 Nd5 13. Nf4 O-O 14. Nd3 b6 15. Kb1 Ra5 16. Ne5 Bb7 17.
g4 Ra8 18. h4 f6 19. Nc4 b5 20.
Ne3 Bc8 21. Nc5 Ra7 22. h5 h6 23. Ng2 Qd6 24. Ne4 Qb8 25. c3 Bd7 26. Nc5 Bc8 27.
Nxe6 Re8 28. Nef4 Ne7 29. Ng6 Kf7 30. N2f4 b4 31. cxb4 Ba6 32. d5 cxd5 33. Nxd5 Nxg6 34. hxg6+ Kxg6 35. Nf4+ Kh7 36. Qc2+ Kg8 37. Qg6 Rf7 38. Nd5 Rxe1 39. Rxe1 Bc4 40. Nxf6+ Kf8 41. Re8+ Qxe8 42. Nxe8 Bb3 43. Nd6 Rxf3 44. Qe8# 1-0

[Event "Early-Titled-Tuesday-Blitz-December-26-2023"]
[Site "Chess.com"]
[Date "2023.12.26"]
[Round "4"]
[White "JAN2404"]
[Black "Yurasova_Daria"]
[Result "0-1"]
[WhiteElo "1957"]
[BlackElo "2459"]
[TimeControl "180+1"]
[EndTime "8:38:51 PST"]
[Termination "Yurasova_Daria won on time"]

1. e4 e5 2. Nf3 Nc6 3. Bc4 Bc5 4. O-O Nf6 5. Re1 d6 6. h3 a6 7. c3 Ba7 8. Bb3 h6 9. d3 g5 10. Nbd2 Rg8 11. Nf1 g4 12. hxg4 Nxg4 13. d4 Qf6 14. Ng3 exd4 15. cxd4 Nxd4 16. Be3 Nxf3+ 17. Qxf3 Qxf3 18.
gxf3 Nxe3 19. Kh2 Nc2 20. Bxc2 Bxf2 21. Nh5 Bxe1 22. Nf6+ Kf8 23. Nxg8 Bd2 24. Nf6 Bg5 25. Nd5 c6 26. Nc3 Be6 27. Rd1 Bf4+ 28. Kg2 Ke7 29. Ne2 Rg8+ 30. Kf2 Be5 31. f4 Bf6 32. b3 Bh4+ 33. Kf3 Bg4+ 34. Ke3 Bxe2 35. Kxe2 Rg2+ 36. Kd3 Rf2 37. Rh1 Rxf4 38. Ke3 Bg5 39. Ke2 Rg4 40. Bb1 Rg2+ 41. Kf3 Rd2 42. Rc1 f6 43. Rf1 h5 44.
Kg3 h4+ 45. Kg4 Rg2+ 46. Kh3 Rg3+ 47. Kh2 Re3 48. Kg2 Ke6 49. a4 Ke5 50. b4 h3+ 51. Kh2 Bf4+ 52. Kh1 h2 53. Ba2 Rxe4 0-1

[Event "Early-Titled-Tuesday-Blitz-December-26-2023"]
[Site "Chess.com"]
[Date "2023.12.26"]
[Round "4"]
[White "FelixBlohberger"]
[Black "Devil_Sun"]
[Result "1-0"]
[WhiteElo "2782"]
[BlackElo "2594"]
[TimeControl "180+1"]
[EndTime "8:38:53 PST"]
[Termination "FelixBlohberger won by resignation"]

1. e4 e6 2. d4 d5 3. exd5 exd5 4. Nf3 Bd6 5. c4 dxc4 6. Bxc4 Nf6 7. Qe2+ Qe7 8. Qxe7+ Kxe7 9. O-O h6 10. Re1+ Kd8 11. Bxf7 Nc6 12. Nc3 Bg4 13. Ne5 Nxd4 14. Bg6 Bxe5 15.
Rxe5 Nc6 16. Re1 Ne7 17. Bc2 Bf5 18. Rxe7 Kxe7 19. Bxf5 Rad8 20. Bf4 c6 21. Re1+ Kf7 22. Be6+ Kg6 23. Bb3 Rhe8 24. Rxe8 Rxe8 25. Kf1 Kf5 26. Bd2 Ke5 27. f3 Nd5 28. a3 Nf4 29. Bxf4+ Kxf4 30. Kf2 Rd8 31. g3+ Ke5 32. Ke3 b5 33. Ne4 a5 34. h4 a4 35. Bc2 Kd5 36. Bd3 Rb8 37. f4 c5 38. Nc3+ Kc6 39. Bxb5+ Rxb5 40. Nxb5 Kxb5 41. Kd3 h5 42. f5 Kb6 43. Ke4 Kb5 44.
Kd5 Kb6 45. Ke6 c4 46. Kd5 Kb5 47. Kd4 Kc6 48. Kxc4 Kd6 49. Kd4 1-0

[Event "Early-Titled-Tuesday-Blitz-December-26-2023"]
[Site "Chess.com"]
[Date "2023.12.26"]
[Round "4"]
[White "Bala-Afiada"]
[Black "hsd2016"]
[Result "1-0"]
[WhiteElo "2019"]
[BlackElo "2248"]
[TimeControl "180+1"]
[EndTime "8:38:55 PST"]
[Termination "Bala-Afiada won by resignation"]

1. d4 d5 2. c4 c6 3. Nf3 Nf6 4. g3 g6 5. Bg2 Bg7 6. O-O O-O 7. Nbd2 Nbd7 8. Qc2 Re8 9. e4 dxe4 10. Nxe4 Nxe4 11. Qxe4 Nf6 12. Qc2 Bf5 13. Qb3 Qb6 14. Qa3 Rad8 15.
Be3 a6 16. Rad1 Ng4 17. Bf4 e5 18.
c5 Qb5 19. dxe5 Rxd1 20. Rxd1 Qe2 21. Rf1 Nxe5 22. Nxe5 Bxe5 23. Bxe5 Rxe5 24. Qb3 Re7 25. Qc3 Qe6 26. a3 h5 27. Rd1 Re8 28. Qd2 Bg4 29. Rc1 Bf5 30. Bf1 Kh7 31. Bc4 Qe7 32. b4 Rd8 33.
Qe2 Qxe2 34. Bxe2 Rd2 35. Bc4 Rb2 36. Bxf7 Kg7 37. Bc4 Kf6 38. Bf1 Ra2 39. Rc3 Be6 40.
Rf3+ Ke7 41. Re3 Kd7 42. h4 Bd5 43. Bg2 Ra1+ 44. Kh2 Be6 45. Bh3 Ra2 46. Bxe6+ 1-0

[Event "Early-Titled-Tuesday-Blitz-December-26-2023"]
[Site "Chess.com"]
[Date "2023.12.26"]
[Round "4"]
[White "arturdailima"]
[Black "JoliyRoger"]
[Result "1-0"]
[WhiteElo "2341"]
[BlackElo "2505"]
[TimeControl "180+1"]
[EndTime "8:38:56 PST"]
[Termination "arturdailima won on time"]

1. c4 c5 2. Nc3 e6 3. Nf3 Nf6 4. g3 Be7 5. Bg2 O-O 6. O-O Nc6 7. b3 a6 8. Bb2 Qc7 9. d4 cxd4 10. Nxd4 Ne5 11.
Rc1 d6 12. Qd2 Rb8 13. h3 Re8 14. Rfe1 Bf8 15. e3 h6 16. Kh2 Nfd7 17. Nce2 Nc5 18. Nf4 Be7 19. Nf3 Bg5 20. Bxe5 dxe5 21. Nxg5 hxg5 22. b4 exf4 23. bxc5 fxg3+ 24. fxg3 Qxc5 25. Red1 Qc7 26. Qd4 e5 27. Qe4 f5 28. Qd5+ Be6 29.
Qd3 e4 30. Qc3 Rbc8 31. Rd4 b5 32. c5 Bxa2 33. Qa3 Bc4 34. Bf1 Qxc5 35. Qxa6 Ra8 36.
Qg6 Qe7 37. Qxf5 Rf8 38. Qxe4 Ra2+ 39. Kg1 Qc7 40. Qg4 1-0

[Event "Early-Titled-Tuesday-Blitz-December-26-2023"]
[Site "Chess.com"]
[Date "2023.12.26"]
[Round "4"]
[White "ChessArchitect64"]
[Black "ploxoi"]
[Result "1-0"]
[WhiteElo "2299"]
[BlackElo "2495"]
[TimeControl "180+1"]
[EndTime "8:38:56 PST"]
[Termination "ChessArchitect64 won by resignation"]

1. d4 d5 2. c4 e6 3. Nf3 c6 4. g3 Nf6 5. Bg2 Nbd7 6. O-O Be7 7. Nbd2 O-O 8. Qc2 b6 9. e4 Bb7 10. e5 Ne8 11. h4 Nc7 12. g4 c5 13. cxd5 Nxd5 14.
Ne4 cxd4 15. Neg5 g6 16. Bd2 Ba6 17. Rfc1 Rc8 18. Qa4 Rxc1+ 19. Rxc1 Bd3 20. Qxd4 Bb5 21. a4 Bc5 22. Qe4 Bc6 23. Qc4 a5 24. h5 Qb8 25.
hxg6 hxg6 26. Qe4 Nb4 27. Qf4 Nd5 28. Qh2 N7f6 29. exf6 Qxh2+ 30. Kxh2 Nxf6 31. Kg3 Rd8 32. Be3 Bd6+ 33. Bf4 Bc5 34. Ne5 Bxg2 35. Kxg2 Rd4 36. Bg3 Nxg4 37. Ngxf7 Nh6 38. Nxh6+ Kh7 39. Nhg4 Rxa4 40.
Rh1+ Kg7 41. Rd1 Bd4 42. Nf3 Bxb2 43. Rd7+ Kf8 44. Bd6+ Ke8 45. Re7+ Kd8 46. Nfe5 Kc8 47. Rc7+ Kd8 48. Nc6+ Ke8 49. Re7+ Kf8 50. Rxe6+ Kg8 51. f3 Rc4 52. Ne7+ Kh7 53. Nd5 Rc2+ 54. Kg3 a4 55. Re7+ Kh8 56. Ngf6 Rh2 57. Kxh2 Bxf6 58. Nxf6 1-0

[Event "Early-Titled-Tuesday-Blitz-December-26-2023"]
[Site "Chess.com"]
[Date "2023.12.26"]
[Round "4"]
[White "DuleMudule"]
[Black "NelsonLinda"]
[Result "1-0"]
[WhiteElo "2935"]
[BlackElo "2624"]
[TimeControl "180+1"]
[EndTime "8:38:57 PST"]
[Termination "DuleMudule won on time"]

1. d4 Nf6 2. Bg5 e6 3. e3 h6 4.
Bh4 d6 5. Nd2 Nbd7 6. Ngf3 b6 7.
Bd3 Bb7 8. Bxf6 Nxf6 9. Qe2 Nd7 10. Ba6 Qc8 11. Bxb7 Qxb7 12. a4 a6 13. c3 Be7 14. h4 e5 15. Qd3 Bf6 16. O-O-O O-O-O 17. g4 g6 18. dxe5 Bxe5 19. h5 g5 20. Qf5 Qd5 21. Nd4 Qa2 22. Qc2 Nc5 23. Nc6 Rde8 24. b3 Qa1+ 25.
Nb1 Bg7 26. Nb4 Ne4 27. Nd5 b5 28. f3 Nc5 29. Kd2 bxa4 30. b4 Nb3+ 31. Ke2 Kb7 32. Nd2 Qa3 33. Nc4 Na1 34. Nxa3 Nxc2 35. Nxc2 c6 36. Rd3 cxd5 37. Rxd5 Bxc3 38. Rhd1 Be5 39. Ne1 Rc8 40. Nd3 Rc2+ 41. Rd2 Rxd2+ 42. Kxd2 Bh2 43. Ra5 Rc8 44. Rxa4 Re8 45. e4 1-0

[Event "Early-Titled-Tuesday-Blitz-December-26-2023"]
[Site "Chess.com"]
[Date "2023.12.26"]
[Round "4"]
[White "GasconJR"]
[Black "Rap_woyska"]
[Result "1-0"]
[WhiteElo "2638"]
[BlackElo "2405"]
[TimeControl "180+1"]
[EndTime "8:38:59 PST"]
[Termination "GasconJR won by resignation"]

1. e4 e6 2. d3 d5 3. Qe2 Nc6 4. Nf3 Nf6 5. e5 Nd7 6. d4 Be7 7. Qd1 O-O 8. c3 f6 9. exf6 Nxf6 10. Bd3 Bd6 11. O-O e5 12. dxe5 Nxe5 13. Nxe5 Bxe5 14.
Bg5 c6 15. Nd2 Qb6 16. Qb3 Qc7 17. f4 Bd6 18. g3 Bh3 19. Rfe1 Bc5+ 20. Kh1 Ng4 21.
Ne4 Bb6 22. c4 dxe4 23. c5+ Kh8 24. cxb6 axb6 25. Bxe4 Rae8 26. Kg1 b5 27. f5 h6 28.
Bf4 Qb6+ 29. Be3 Qa5 30. Bf3 Ne5 31. Bg2 Bxg2 32. Kxg2 b4 33. Bd4 Ng4 34. Qc4 Qxf5 35. Rf1 Qd7 36. Rae1 Rxf1 37. Rxf1 Kh7 38. Rf7 Qd5+ 39.
Qxd5 cxd5 40. Rxg7+ Kh8 41. Rxg4+ Kh7 42. Rg7+ 1-0

[Event "Early-Titled-Tuesday-Blitz-December-26-2023"]
[Site "Chess.com"]
[Date "2023.12.26"]
[Round "4"]
[White "PolinaYanch"]
[Black "ChessSG1"]
[Result "0-1"]
[WhiteElo "1709"]
[BlackElo "2437"]
[TimeControl "180+1"]
[EndTime "8:39:02 PST"]
[Termination "ChessSG1 won on time"]

1. d4 d5 2. c4 e6 3. Nf3 Nf6 4. g3 dxc4 5. Bg2 c5 6. O-O Nc6 7. dxc5 Qxd1 8. Rxd1 Bxc5 9. Bg5 Ne4 10. e3 O-O 11. g4 f6 12. Bh4 g5 13. Bg3 Nxg3 14. hxg3 e5 15. Nh2 Be6 16. Bxc6 bxc6 17. Nc3 Rab8 18.
Rd2 Rfd8 19. Rad1 Rxd2 20. Rxd2 Kf7 21. Ne4 Bb4 22. Rc2 Ke7 23. Nd2 Bxd2 24. Rxd2 Rb5 25. f3 Ra5 26. a3 e4 27. fxe4 c3 28. bxc3 Rxa3 29. Rc2 Ra4 30. Kf2 Rxe4 31. Rb2 Ra4 32.
Rb7+ Kd6 33. Rxh7 Ra2+ 34. Kg1 a5 35. Nf3 Bxg4 36. Nd4 a4 37. Ra7 c5 38. Ra6+ Kd5 39. Nb5 Kc4 40. Nd6+ Kxc3 41. Ne4+ Kd3 42. Nxf6 Bf3 43.
Rd6+ Kxe3 44. Re6+ Kd4 45. Rd6+ Ke5 0-1

[Event "Early-Titled-Tuesday-Blitz-December-26-2023"]
[Site "Chess.com"]
[Date "2023.12.26"]
[Round "4"]
[White "stollenmonster"]
[Black "Alexchess1984"]
[Result "1-0"]
[WhiteElo "2931"]
[BlackElo "2715"]
[TimeControl "180+1"]
[EndTime "8:39:03 PST"]
[Termination "stollenmonster won on time"]

1. e4 c5 2. Nf3 Nc6 3. Nc3 g6 4. d4 cxd4 5. Nxd4 Bg7 6. Nde2 d6 7. g3 Nf6 8. Bg2 Rb8 9. a4 O-O 10. h3 a6 11. O-O b5 12. axb5 axb5 13. Be3 b4 14. Nd5 Nd7 15. Ra2 e6 16. Ndf4 Nc5 17.
b3 Qc7 18. Nd3 Rd8 19. Bg5 Re8 20. Qb1 Bb7 21. Rd1 Nxd3 22. cxd3 Ra8 23. Rxa8 Rxa8 24. d4 Ba6 25. Qa2 Ra7 26. Rc1 Bxe2 27. Qxe2 Nxd4 28. Qd3 Qb8 29. Be3 e5 30. Qc4 h5 31. h4 Ra5 32.
Qc8+ Qxc8 33. Rxc8+ Kh7 34. Bf1 Rc5 35. Rb8 Rc3 36. Bc4 Nxb3 37. Bxf7 Bf6 38. Rb7 Nc5 39. Rxb4 Kg7 40. Bd5 Ra3 41. Rb8 Kh7 42. Rf8 Bg7 43. Rf7 Ra4 44. Bg5 Kh8 45. f3 Ra1+ 46. Kg2 Rb1 47. f4 Rb2+ 48. Kf3 exf4 49. gxf4 Rb8 50. Be7 Rb6 51. f5 1-0

[Event "Early-Titled-Tuesday-Blitz-December-26-2023"]
[Site "Chess.com"]
[Date "2023.12.26"]
[Round "4"]
[White "DarkAlekhine"]
[Black "Flameboard08"]
[Result "1-0"]
[WhiteElo "2725"]
[BlackElo "2553"]
[TimeControl "180+1"]
[EndTime "8:39:03 PST"]
[Termination "DarkAlekhine won by resignation"]

1. d4 b6 2. e4 Bb7 3. Bd3 e6 4.
Nf3 c5 5. c3 d5 6. e5 Nc6 7.
O-O Nge7 8. Re1 Nf5 9. Bg5 Be7 10. Bxe7 Qxe7 11. Bxf5 exf5 12. dxc5 bxc5 13. Nbd2 O-O 14. Qa4 a5 15. Nf1 Nd8 16. Rad1 Ne6 17. Ne3 d4 18. Nxf5 Qd8 19. N5h4 Nf4 20. cxd4 Nxg2 21. dxc5 Nxh4 22. Qxh4 Qc7 23. Ng5 h6 24. Ne4 Qxe5 25. Nd6 Qxc5 26. Nxb7 Qb6 27. Nd6 Qxb2 28. Nf5 Ra6 29. Kh1 Qb7+ 30.
Qe4 Qb2 31. Rg1 g6 32. Nxh6+ Kh7 33. Ng4 Re6 34. Qf3 Qxa2 35. Ne3 a4 36. Rd4 Qb2 37.
Rh4+ Kg8 38. Nf5 Qf6 39. Nh6+ Kg7 40. Nf5+ Kg8 41. Qh5 Ra8 42. Qh7+ Kf8 43. Qh8+ 1-0

[Event "Early-Titled-Tuesday-Blitz-December-26-2023"]
[Site "Chess.com"]
[Date "2023.12.26"]
[Round "4"]
[White "Herzog2012"]
[Black "KVAIDAN"]
[Result "1-0"]
[WhiteElo "2530"]
[BlackElo "2349"]
[TimeControl "180+1"]
[EndTime "8:39:03 PST"]
[Termination "Herzog2012 won by checkmate"]

1. Nf3 f5 2. c4 Nf6 3. Nc3 d6 4. d4 e6 5. g3 Be7 6. Bg2 O-O 7.
O-O a5 8. d5 e5 9. e4 Na6 10. exf5 Bxf5 11. Ng5 Nc5 12. Be3 h6 13. Bxc5 hxg5 14. Be3 Nd7 15. Be4 Qe8 16. Bxf5 Rxf5 17. Ne4 Qg6 18. g4 Rf7 19. Ng3 Nb8 20. Qb1 Qh6 21.
Nf5 Qh3 22. Qe4 Nd7 23. Qg2 Qh7 24. Qe4 Qh3 25. Qg2 Qh8 26. Rac1 Raf8 27. a3 b6 28. b4 axb4 29. axb4 Qh7 30. Ra1 Bd8 31. Ra8 Qg6 32.
Rfa1 Nf6 33. h3 Nd7 34. Rc8 Bf6 35. Raa8 Rxc8 36. Rxc8+ Nf8 37. Qe4 Kh7 38. Ng3 Qxe4 39. Nxe4 Kg6 40. c5 bxc5 41. bxc5 dxc5 42. Bxc5 Nd7 43.
Rxc7 Nxc5 44. Nxc5 Rf8 45. d6 Rd8 46. d7 Kf7 47. Rc8 Ke7 48. Rxd8 Kxd8 49. Kg2 Be7 50. Ne6+ Kxd7 51. Nxg7 Kd6 52. Nf5+ Ke6 53. Nxe7 Kxe7 54. Kf3 Ke6 55. Ke4 Kf6 56. Kd5 e4 57. Kxe4 Ke6 58.
f3 Kf6 59. Kd5 Kf7 60. Ke5 Kg6 61. Ke6 Kg7 62. Kf5 Kh6 63. Kf6 Kh7 64. Kxg5 Kg7 65. h4 Kh7 66. h5 Kg7 67. f4 Kh7 68. f5 Kg7 69. f6+ Kh7 70. Kf5 Kh6 71. Ke6 Kh7 72. f7 Kg7 73. Ke7 Kh7 74. g5 Kg7 75. f8=Q+ Kh7 76. g6# 1-0

[Event "Early-Titled-Tuesday-Blitz-December-26-2023"]
[Site "Chess.com"]
[Date "2023.12.26"]
[Round "4"]
[White "robertoalejandro10"]
[Black "AndresDelgado77"]
[Result "1-0"]
[WhiteElo "2537"]
[BlackElo "2349"]
[TimeControl "180+1"]
[EndTime "8:39:04 PST"]
[Termination "robertoalejandro10 won by checkmate"]

1. Nf3 Nf6 2. c4 c5 3. g3 Nc6 4. Bg2 g6 5. O-O Bg7 6. Nc3 O-O 7. b3 d5 8. cxd5 Nxd5 9. Bb2 Nxc3 10. Bxc3 Bxc3 11.
dxc3 Qa5 12. Qd2 Bg4 13. h3 Bxf3 14. Bxf3 Rac8 15. Qe3 e6 16. Rfd1 Rfd8 17. Bxc6 Rxc6 18. Rxd8+ Qxd8 19. Rc1 b6 20. Kg2 Rd6 21. b4 c4 22.
Rc2 Rd1 23. Qe4 Qd5 24. Qxd5 exd5 25. Kf3 f5 26. Ke3 Kf7 27. Rd2 Rxd2 28. Kxd2 g5 29. Ke3 Ke6 30. Kd4 Kd6 31. f3 a6 32. a4 h6 33. e4 dxe4 34. fxe4 f4 35. gxf4 gxf4 36. Kxc4 b5+ 37. axb5 axb5+ 38. Kd4 Ke6 39. e5 Kf5 40. e6 Kxe6 41. Ke4 Kd6 42. Kxf4 Kd5 43. Ke3 Kc4 44. Kd2 Kb3 45. Kd3 Ka3 46. Kd4 Kb3 47. Kc5 Kxc3 48. Kxb5 Kd4 49. Kc6 Ke3 50. b5 Kf3 51. b6 Kg3 52. b7 Kxh3 53. b8=Q h5 54. Qb1 h4 55. Qh1+ Kg3 56. Kd6 h3 57. Ke5 h2 58.
Ke4 Kh3 59. Kf4 Kh4 60. Qxh2# 1-0

[Event "Early-Titled-Tuesday-Blitz-December-26-2023"]
[Site "Chess.com"]
[Date "2023.12.26"]
[Round "4"]
[White "giomar27"]
[Black "AlexPapasimakopoulos"]
[Result "0-1"]
[WhiteElo "2392"]
[BlackElo "2631"]
[TimeControl "180+1"]
[EndTime "8:39:06 PST"]
[Termination "AlexPapasimakopoulos won on time"]

1. e4 e6 2. d3 d5 3. Nd2 c5 4. Ngf3 Nc6 5. g3 Nge7 6. Bg2 g6 7. O-O Bg7 8. c3 h6 9. Re1 O-O 10. a4 a6 11. Qe2 Rb8 12. Nf1 b5 13. axb5 axb5 14.
h4 b4 15. Ne3 bxc3 16. Rb1 cxb2 17. Bxb2 Nd4 18. Nxd4 cxd4 19. Nc2 dxe4 20. Bxe4 e5 21. Ba3 Rxb1 22. Rxb1 Re8 23. Nb4 Qa5 24. Qb2 Be6 25. Nc6 Nxc6 26. Bxc6 Rc8 27. Bb7 Rb8 28. Bd6 Rd8 29. Be7 Re8 30. Bb4 Qb5 31. Be4 f5 32.
Bg2 Qxd3 33. Bf1 Qf3 34. Bg2 Qg4 35. Be1 g5 36. f3 Qh5 37. hxg5 hxg5 38. Qb5 Qf7 39. Qc6 Bd5 40. Qa6 Ra8 41. Qd6 g4 42.
fxg4 Bxg2 43. Kxg2 fxg4 44. Rb2 Qf3+ 45. Kh2 Kh7 46. Qe7 Ra6 47. Kg1 Rh6 48. Rh2 Rxh2 49. Kxh2 Qe2+ 50. Kg1 Qxe1+ 51. Kh2 Qe2+ 52. Kh1 Qf3+ 53.
Kh2 d3 54. Qh4+ Kg6 55. Qe7 e4 56. Qe8+ Kh6 57. Qe6+ Kh7 58. Qe8 Qf5 0-1

[Event "Early-Titled-Tuesday-Blitz-December-26-2023"]
[Site "Chess.com"]
[Date "2023.12.26"]
[Round "4"]
[White "Pumpkin_in_moonlight"]
[Black "UnTucopalaTimba"]
[Result "1-0"]
[WhiteElo "2306"]
[BlackElo "2165"]
[TimeControl "180+1"]
[EndTime "8:39:06 PST"]
[Termination "Pumpkin_in_moonlight won on time"]

1. e4 c6 2. Nc3 d5 3. Nf3 g6 4. h3 Bg7 5. d4 Nf6 6. Bd3 dxe4 7.
Nxe4 O-O 8. O-O Nbd7 9. c3 Nxe4 10. Bxe4 Nf6 11. Bc2 e6 12. Bf4 Qb6 13. Rb1 c5 14. dxc5 Qxc5 15. Bd6 Qc6 16. Bxf8 Bxf8 17. Ne5 Qc7 18. Re1 Bd6 19. Ng4 Nd5 20. Qd4 Bc5 21. Nh6+ Kf8 22. Qh8+ Ke7 23. Ng8+ Kd6 24. Rbd1 Kc6 25.
Nf6 Qf4 26. Qe8+ Kb6 27. Nxd5+ exd5 28. Re2 Bg4 29. Qxa8 Bxe2 30. Qd8+ Ka6 31. Qxd5 Qxf2+ 32. Kh1 Bxd1 33. Qxd1 Qg3 34. Bd3+ Kb6 35. Qb3+ Kc7 36. Qxf7+ Kc6 37. Be4+ Kd6 38. Qf6+ Kc7 39. Qf7+ Kb6 40.
Qb3+ Kc7 41. Qxb7+ Kd6 42. Qc6+ Ke5 43. Qxc5+ Kxe4 44. Qc4+ Ke3 45. Qf1 1-0

[Event "Early-Titled-Tuesday-Blitz-December-26-2023"]
[Site "Chess.com"]
[Date "2023.12.26"]
[Round "4"]
[White "karinachess1"]
[Black "Giantgoogachess"]
[Result "0-1"]
[WhiteElo "2566"]
[BlackElo "2388"]
[TimeControl "180+1"]
[EndTime "8:39:07 PST"]
[Termination "Giantgoogachess won on time"]

1. d4 Nf6 2. c4 e6 3. Nc3 Bb4 4. a3 Bxc3+ 5. bxc3 c5 6. e3 b6 7.
Bd3 Bb7 8. f3 d6 9. Ne2 Qc7 10.
O-O Nc6 11. e4 Na5 12. d5 O-O-O 13. Be3 h6 14. Nc1 e5 15. Nb3 Nxb3 16. Qxb3 g5 17. a4 a5 18. Rab1 Nd7 19. Kf2 Kb8 20. Ke2 Ka7 21. Kd2 Ba6 22. Kc2 Rdg8 23. Kb2 f6 24. Ka3 h5 25. Rf2 h4 26. Be2 Nf8 27. g3 hxg3 28.
hxg3 Rh3 29. Rg2 Rgh8 30. Rbg1 R8h7 31. Qc2 Bc8 32. Qd2 Qe7 33. Bd3 Rg7 34. f4 Nh7 35.
Qf2 Kb8 36. Rh2 Rxh2 37. Qxh2 gxf4 38. gxf4 Rxg1 39. Qxg1 exf4 40. Bxf4 Ng5 41. Qg3 Kc7 42. Qh4 Bd7 43. Qh8 Be8 44. Qh2 Nf7 45. Qh7 Kd8 46.
Kb3 Ne5 47. Qxe7+ Kxe7 48. Be2 Bg6 49. Bxe5 fxe5 50. Bd3 Kf6 51. Kc2 Kg5 52. Kd2 Kf4 53. Be2 Bxe4 54. Kc1 Bf3 55. Bd3 Ke3 56. Bf5 Be2 0-1

[Event "Early-Titled-Tuesday-Blitz-December-26-2023"]
[Site "Chess.com"]
[Date "2023.12.26"]
[Round "4"]
[White "bescmelasti"]
[Black "ilya2700"]
[Result "1-0"]
[WhiteElo "2652"]
[BlackElo "2342"]
[TimeControl "180+1"]
[EndTime "8:39:08 PST"]
[Termination "bescmelasti won on time"]

1. c4 c5 2. Nc3 e6 3. Nf3 Nf6 4. g3 d5 5. cxd5 exd5 6. d4 Nc6 7. Bg2 Bd6 8. O-O O-O 9. Bg5 Be6 10. e4 dxe4 11. Nxe4 Be7 12. Nxc5 Nxd4 13. Nxe6 Nxe6 14. Be3 Bc5 15. Re1 Bxe3 16. Rxe3 Qb6 17. Rb3 Qc7 18. Rc1 Rfd8 19. Qe1 Qe7 20. Ng5 Rab8 21. Nxe6 fxe6 22. Re3 Rd6 23. Bh3 Re8 24. Qe2 e5 25. Re1 e4 26.
Bg2 Red8 27. Bxe4 Nxe4 28. Rxe4 Qf6 29. Qc4+ Rd5 30. Re8+ Rxe8 31. Qxd5+ Kf8 32. Rxe8+ Kxe8 33. Qxb7 Qd4 34. Kg2 g5 35. a3 g4 36. b4 a6 37. a4 h5 38. b5 axb5 39. axb5 Kd8 40. b6 Ke8 41. Qc6+ Kd8 42. b7 Qb4 43. Qf6+ 1-0

[Event "Early-Titled-Tuesday-Blitz-December-26-2023"]
[Site "Chess.com"]
[Date "2023.12.26"]
[Round "4"]
[White "GMWSO"]
[Black "Durarbayli"]
[Result "1-0"]
[WhiteElo "3039"]
[BlackElo "2864"]
[TimeControl "180+1"]
[EndTime "8:39:09 PST"]
[Termination "GMWSO won on time"]

1. d4 d5 2. Nf3 Nf6 3. Bf4 c5 4.
e3 Nc6 5. Nbd2 Qb6 6. dxc5 Qxb2 7. Rb1 Qc3 8. Bb5 e6 9. O-O Be7 10. e4 O-O 11. e5 Nd7 12. Nb3 Qb4 13. Nbd4 Qxc5 14. Re1 Nxd4 15. Nxd4 Bd8 16. Re3 Bb6 17. c3 Qe7 18. Qh5 f5 19. Rg3 Rf7 20. Bg5 Qc5 21. Nxe6 Qxf2+ 22. Kh1 g6 23. Qh4 Nxe5 24. Be3 Bxe6 25.
Bxf2 Bxf2 26. Qf4 Bxg3 27. hxg3 Nc6 28. Qd6 Re8 29. Re1 Rfe7 30. Bxc6 bxc6 31. Qxc6 Kf7 32.
Qc5 Rc8 33. Qd4 Rcc7 34. Qh8 h5 35. Qh7+ Kf6 36. Qh8+ Kf7 37. a4 Rcd7 38. a5 Re8 39. Qd4 Rc8 40. a6 Rc4 41. Qh8 Re7 42. Qh7+ Kf6 43. Qh8+ Kf7 44. Rb1 Rc8 45. Qd4 Rcc7 46.
Rb8 Bc8 47. Qh8 Bxa6 48. Rf8+ Ke6 49. Qf6+ Kd7 50. Qxa6 1-0

[Event "Early-Titled-Tuesday-Blitz-December-26-2023"]
[Site "Chess.com"]
[Date "2023.12.26"]
[Round "4"]
[White "SCIM"]
[Black "Andrei_Skvortsov"]
[Result "1-0"]
[WhiteElo "2512"]
[BlackElo "2669"]
[TimeControl "180+1"]
[EndTime "8:39:12 PST"]
[Termination "SCIM won by resignation"]

1. d4 d5 2. c4 c6 3. Nf3 Nf6 4.
g3 dxc4 5. Bg2 b5 6. O-O Bb7 7. b3 cxb3 8. axb3 Qb6 9. Nc3 a5 10. Bg5 Nbd7 11. e4 e6 12. e5 Nd5 13. Nxd5 cxd5 14.
Be3 Bb4 15. Ng5 h6 16. Qh5 g6 17. Qh4 Be7 18. Qh3 Nb8 19. Nf3 Nc6 20. Rfd1 Kd7 21.
Ne1 Nb4 22. Qg4 Rac8 23. Qf3 Rh7 24. Bf1 Kc7 25. h4 h5 26. Nd3 Kb8 27. Nc5 Bc6 28.
Rdc1 Be8 29. Qd1 Na6 30. Nxa6+ Qxa6 31. Rxc8+ Kxc8 32. Qd2 Bd8 33. Qc2+ Kb8 34. Bd2 Qa7 35. Qd3 Bd7 36. Bxa5 Bxa5 37. b4 Bxb4 38. Rxa7 Kxa7 39. Qb3 Be7 40. Bxb5 Bxb5 41. Qxb5 f5 42. Qd7+ Kb8 43. Qxe6 Rg7 44. Qxd5 f4 45. gxf4 Bxh4 46. Qe6 Bd8 47.
Qd6+ Kc8 48. Qe6+ Kc7 49. d5 h4 50. Qc6+ Kb8 51. d6 Rf7 52. e6 Rxf4 53. Qb5+ Kc8 54. Qd7+ Kb8 55. Qxd8+ 1-0

[Event "Early-Titled-Tuesday-Blitz-December-26-2023"]
[Site "Chess.com"]
[Date "2023.12.26"]
[Round "4"]
[White "RebecaJimnz"]
[Black "Klavdia_Nik"]
[Result "1-0"]
[WhiteElo "2257"]
[BlackElo "1981"]
[TimeControl "180+1"]
[EndTime "8:39:13 PST"]
[Termination "RebecaJimnz won on time"]

1. e4 d6 2. d4 g6 3. Nc3 Bg7 4. Be3 c6 5. Qd2 Nd7 6. O-O-O b5 7. f3 Qa5 8. Kb1 Nb6 9. h4 Nc4 10. Bxc4 bxc4 11. h5 e6 12. hxg6 hxg6 13. Rxh8 Bxh8 14.
Nh3 Rb8 15. Ne2 Qxd2 16. Bxd2 Ne7 17. Bc3 Bg7 18. Nhf4 Kf8 19. e5 Nd5 20. Nxd5 exd5 21. exd6 Be6 22. a3 Ke8 23. Nf4 Kd7 24. Bb4 Bf8 25.
Nxe6 Kxe6 26. Re1+ Kd7 27. Bc5 a6 28. c3 Bxd6 29.
Bxd6 Kxd6 30. Kc2 Rh8 31. Kd2 Rh2 32. Re2 a5 33. Ke1 Rh1+ 34. Kf2 a4 35. Kg3 Rh5 36. Kg4 c5 37. dxc5+ Kxc5 38. Re7 Rf5 39. f4 Kb5 40. Ra7 Rf6 41. Kg5 Rf5+ 42. Kg4 d4 43.
cxd4 Kc6 44. Rxa4 Kd5 45. Ra5+ Kxd4 46. Rxf5 gxf5+ 47. Kxf5 Kd3 48. Ke5 Kc2 49. Kd5 Kb3 50. Kd4 f5 51. g3 1-0